Map: Orbital Depot

Players

Loken - Winner!

  • Race: Protoss Protoss
  • League: Platinum
  • Spawn Location: 9:00

dallaskuken - Winner!

  • Race: Protoss Protoss
  • League: Platinum
  • Spawn Location: 9:00

Myran - Winner!

  • Race: Protoss Protoss
  • Spawn Location: 7:00

Golina

  • Race: Protoss Protoss
  • League: Platinum
  • Spawn Location: 3:00

Crime

  • Race: Protoss Protoss
  • Spawn Location: 1:00

mpsz

  • Race: Terran Terran
  • League: Platinum
  • Spawn Location: 3:00

VOD

Have the link to the VOD?

Description

Time

  • Played on: April 2, 2017, 6:28 p.m.
  • Length: 10:02
Show
View Real Time Build Order
Export as new Build Order

Loken Protoss - Winner!

Build Orders:  

Get SALT Encoding   

  12  0:02  Probe (Chrono Boost)  
  13  0:13  Probe (Chrono Boost)  
  14  0:23  Pylon  
  14  0:25  Probe (Chrono Boost)  
  15  0:41  Probe (Chrono Boost)  
  15  0:42  Gateway  
  16  0:52  Probe (Chrono Boost)  
  16  0:56  Assimilator  
  17  1:03  Probe (Chrono Boost)  
  18  1:13  Pylon  
  18  1:15  Probe (Chrono Boost)  
  19  1:30  Cybernetics Core  
  19  1:35  Probe (Chrono Boost)  
  19  1:36  Zealot  
  22  1:48  Probe (Chrono Boost)  
  23  1:59  Probe (Chrono Boost)  
  24  2:08  Stalker  
  25  2:15  Warp Gate  
  25  2:17  Gateway  
  23  2:38  Zealot  
  27  2:53  Mothership Core (Chrono Boost)  
  25  3:27  Pylon  
  25  3:53  Gateway  
  25  3:55  Gateway  
  25  3:58  Gateway  
  25  4:06  Assimilator  
  25  4:25  Nexus  
  25  4:31  Nexus  
  25  4:33  Stalker  
  25  4:37  Pylon  
  27  4:41  Pylon  
  27  4:43  Probe (Chrono Boost)  
  28  4:55  Probe (Chrono Boost)  
  30  5:07  Probe (Chrono Boost)  
  30  5:08  Stalker x4  
  38  5:19  Probe (Chrono Boost)  
  38  5:20  Pylon  
  39  5:28  Pylon  
  39  5:45  Probe (Chrono Boost)  
  39  5:48  Probe (Chrono Boost)  
  41  5:53  Stalker  
  41  5:54  Stalker x2  
  41  5:56  Probe (Chrono Boost)  
  48  5:58  Probe (Chrono Boost)  
  49  6:06  Probe x2 (Chrono Boost)  
  49  6:09  Probe (Chrono Boost)  
  52  6:17  Probe (Chrono Boost)  
  52  6:18  Probe (Chrono Boost)  
  54  6:19  Probe (Chrono Boost)  
  55  6:28  Stalker x2  
  55  6:29  Stalker x2  
  55  6:30  Probe (Chrono Boost)  
  58  7:03  Stalker x3  
  58  7:04  Stalker  
  62  7:20  Gateway x2  
  62  7:22  Gateway  
  62  7:24  Gateway  
  62  7:26  Gateway  
  62  7:28  Gateway  
  62  7:29  Probe (Chrono Boost)  
  63  7:39  Stalker x4  
  63  7:40  Probe (Chrono Boost)  
  72  7:47  Probe (Chrono Boost)  
  72  7:50  Probe (Chrono Boost)  
  74  7:58  Probe (Chrono Boost)  
  75  8:00  Twilight Council  
  75  8:01  Probe (Chrono Boost)  
  76  8:08  Probe (Chrono Boost)  
  77  8:19  Probe (Chrono Boost)  
  78  8:22  Stalker x3  
  78  8:23  Stalker x2  
  78  8:25  Zealot x2  
  92  8:39  Pylon  
  92  8:40  Pylon  
  92  8:41  Pylon  
  92  8:43  Pylon  
  92  8:44  Pylon  
  92  9:13  Zealot x6  
  92  9:14  Zealot x4  
  112  9:45  Stalker  
  112  9:46  Stalker x4  
  112  9:47  Stalker x4  
  112  9:48  Stalker  
Show
View Real Time Build Order
Export as new Build Order

dallaskuken Protoss - Winner!

Build Orders:  

Get SALT Encoding   

  12  0:01  Probe (Chrono Boost)  
  13  0:12  Probe (Chrono Boost)  
  14  0:19  Pylon  
  14  0:22  Probe (Chrono Boost)  
  15  0:37  Probe (Chrono Boost)  
  15  0:39  Gateway  
  16  0:48  Probe (Chrono Boost)  
  17  1:00  Probe (Chrono Boost)  
  17  1:03  Assimilator  
  18  1:11  Probe (Chrono Boost)  
  19  1:26  Zealot  
  21  1:39  Probe (Chrono Boost)  
  22  2:07  Pylon  
  22  2:12  Cybernetics Core  
  22  2:22  Zealot  
  23  2:46  Zealot  
  23  2:56  Stargate  
  23  3:10  Zealot  
  25  3:33  Stalker  
  27  3:50  Void Ray  
  31  3:57  Assimilator  
  31  4:13  Pylon  
  31  4:15  Pylon  
  31  4:33  Probe (Chrono Boost)  
  32  4:42  Stalker  
  33  4:45  Probe (Chrono Boost)  
  35  4:57  Probe (Chrono Boost)  
  36  5:10  Probe (Chrono Boost)  
  36  5:12  Zealot, Void Ray  
  44  5:22  Probe (Chrono Boost)  
  44  5:27  Nexus  
  44  5:28  Pylon  
  44  5:29  Pylon  
  44  5:31  Pylon  
  44  5:36  Zealot  
  46  5:55  Void Ray  
  50  5:59  Zealot  
  50  6:23  Zealot  
  52  6:37  Void Ray  
  56  6:47  Zealot  
  46  7:20  Void Ray  
  48  8:03  Void Ray  
  52  8:23  Probe (Chrono Boost)  
  53  8:33  Probe (Chrono Boost)  
  54  8:44  Probe (Chrono Boost)  
  54  8:46  Void Ray  
  59  8:54  Probe (Chrono Boost)  
  52  9:05  Probe (Chrono Boost)  
Show
View Real Time Build Order
Export as new Build Order

Myran Protoss - Winner!

Build Orders: Cannon Rush 

Get SALT Encoding   

  12  0:01  Probe (Chrono Boost)  
  13  0:20  Probe (Chrono Boost)  
  14  0:24  Pylon  
  14  0:30  Probe (Chrono Boost)  
  15  0:44  Forge  
  15  0:46  Probe (Chrono Boost)  
  16  0:56  Pylon  
  16  1:01  Probe (Chrono Boost)  
  17  1:14  Pylon  
  17  1:21  Photon Cannon  
  17  1:24  Pylon  
  17  1:35  Photon Cannon  
  17  1:37  Pylon  
  17  1:39  Photon Cannon  
  17  1:46  Photon Cannon  
  17  1:52  Photon Cannon  
  17  1:54  Photon Cannon  
  17  1:58  Photon Cannon  
  17  2:02  Pylon  
  17  2:13  Photon Cannon  
  17  2:15  Probe (Chrono Boost)  
  18  2:29  Photon Cannon  
  18  2:30  Pylon  
  18  2:38  Pylon  
  18  2:47  Pylon  
  18  2:51  Probe (Chrono Boost)  
  19  2:56  Gateway  
  19  3:05  Photon Cannon  
  19  3:10  Pylon  
  19  3:34  Photon Cannon x2  
  19  3:39  Nexus  
  19  3:43  Probe (Chrono Boost)  
  19  3:44  Zealot  
  22  3:59  Photon Cannon  
  22  4:11  Zealot  
  22  4:16  Probe (Chrono Boost)  
  25  4:25  Assimilator  
  25  4:29  Assimilator  
  25  4:30  Probe (Chrono Boost)  
  26  4:32  Pylon  
  26  4:36  Cybernetics Core  
  26  4:42  Photon Cannon  
  26  4:43  Photon Cannon  
  26  4:47  Pylon  
  26  4:52  Probe (Chrono Boost)  
  27  5:02  Probe (Chrono Boost)  
  27  5:05  Probe (Chrono Boost)  
  29  5:13  Probe (Chrono Boost)  
  30  5:16  Probe (Chrono Boost)  
  30  5:19  Zealot  
  33  5:23  Probe (Chrono Boost)  
  34  5:36  Probe (Chrono Boost)  
  35  5:46  Photon Cannon, Zealot  
  35  5:47  Probe (Chrono Boost)  
  38  5:53  Photon Cannon  
  38  5:56  Photon Cannon  
  38  5:57  Probe (Chrono Boost)  
  39  6:08  Probe (Chrono Boost)  
  40  6:12  Probe (Chrono Boost)  
  40  6:13  Zealot  
  44  6:18  Probe (Chrono Boost)  
  44  6:19  Warp Gate  
  44  6:22  Probe (Chrono Boost)  
  45  6:28  Gateway  
  45  6:29  Probe (Chrono Boost)  
  47  6:33  Probe (Chrono Boost)  
  47  6:56  Zealot  
  49  7:13  Photon Cannon  
  49  7:23  Zealot  
  49  7:24  Nexus  
  49  7:25  Stalker  
  49  7:26  Pylon  
  53  7:33  Probe (Chrono Boost)  
  54  7:43  Probe (Chrono Boost)  
  55  7:50  Stalker  
  57  7:54  Probe (Chrono Boost)  
  58  8:05  Probe (Chrono Boost)  
  59  8:11  Nexus  
  59  8:14  Pylon  
  59  8:15  Probe (Chrono Boost)  
  60  8:26  Probe (Chrono Boost)  
  61  8:36  Probe (Chrono Boost)  
  62  8:41  Gateway  
  62  8:42  Gateway  
  62  8:47  Assimilator, Probe (Chrono Boost)  
  64  8:48  Probe (Chrono Boost)  
  64  8:51  Assimilator  
  64  8:56  Stalker x2  
  64  8:59  Probe (Chrono Boost)  
  69  9:21  Stalker x2  
  73  9:31  Probe (Chrono Boost)  
  73  9:33  Assimilator  
  73  9:35  Probe (Chrono Boost)  
  73  9:42  Probe (Chrono Boost)  
  75  9:45  Probe (Chrono Boost)  
  75  9:46  Zealot x2  
Show
View Real Time Build Order
Export as new Build Order

Golina Protoss 

Build Orders: Double Forge 

Get SALT Encoding   

  12  0:02  Probe (Chrono Boost)  
  13  0:16  Pylon  
  13  0:35  Forge  
  13  1:19  Pylon  
  13  1:40  Pylon  
  13  1:50  Pylon  
  12  1:54  Pylon  
  12  2:10  Photon Cannon  
  12  2:13  Pylon  
  12  2:17  Pylon  
  12  2:23  Pylon  
  5  3:11  Nexus  
  5  3:25  Pylon  
  5  4:25  Forge  
  2  5:58  Nexus  
  1  7:35  Nexus  
  1  9:29  Nexus  
  1  9:38  Assimilator  
  1  9:43  Assimilator  
  1  9:51  Pylon  
Show
View Real Time Build Order
Export as new Build Order

Crime Protoss 

Build Orders:  

Get SALT Encoding   

  12  0:04  Probe (Chrono Boost)  
  13  0:16  Pylon  
  13  0:21  Assimilator  
  13  0:34  Forge  
  13  0:43  Gateway  
  13  0:46  Probe (Chrono Boost)  
  13  0:47  Assimilator  
  14  0:56  Probe (Chrono Boost)  
  15  1:07  Probe (Chrono Boost)  
  15  1:10  Pylon  
  16  1:21  Photon Cannon, Probe (Chrono Boost)  
  17  1:32  Probe (Chrono Boost)  
  18  1:35  Photon Cannon  
  18  1:43  Pylon  
  18  2:02  Photon Cannon  
  18  2:07  Photon Cannon  
  18  2:25  Photon Cannon  
  18  2:47  Pylon  
  18  2:54  Cybernetics Core  
  18  2:58  Photon Cannon  
  18  3:07  Photon Cannon  
  18  3:18  Photon Cannon  
  18  3:22  Photon Cannon  
  18  3:23  Warp Gate  
  18  3:26  Probe (Chrono Boost)  
  18  4:12  Pylon  
  18  4:24  Pylon  
  18  4:28  Gateway  
  18  4:29  Gateway  
  18  4:36  Mothership Core (Chrono Boost)  
  20  4:59  Photon Cannon  
  20  5:04  Photon Cannon  
  20  5:10  Stargate  
  20  5:12  Stargate  
  20  5:18  Stargate  
  20  5:54  Nexus  
  20  6:08  Void Ray  
  20  6:13  Void Ray  
  28  6:30  Void Ray  
  31  6:37  Pylon  
  31  6:43  Zealot  
  31  6:44  Zealot x2  
Show
View Real Time Build Order
Export as new Build Order

mpsz Terran 

Build Orders:  

Get SALT Encoding   

  12  0:01  SCV  
  13  0:15  Supply Depot  
  13  0:19  SCV  
  14  0:31  SCV  
  15  0:44  SCV  
  16  1:03  Barracks  
  16  1:12  Barracks  
  16  1:13  SCV  
  16  1:17  Refinery  
  17  1:25  SCV  
  18  1:33  Supply Depot  
  18  1:37  SCV  
  19  1:49  SCV  
  19  1:52  Marine  
  21  1:58  Barracks  
  21  1:59  Marine  
  22  2:10  Marine  
  23  2:17  Marine  
  21  3:08  Marine x2  
  20  4:05  Refinery  
  20  4:25  SCV, Engineering Bay  
  21  4:37  SCV  
  22  4:49  SCV  
  22  4:51  Barracks Reactor  
  22  4:52  Barracks Reactor  
  21  5:01  Refinery  
  21  5:02  SCV  
  21  5:05  Supply Depot  
  22  5:09  Supply Depot  
  22  5:15  Supply Depot  
  22  5:33  Planetary Fortress  
  22  5:42  Barracks Tech Lab  
  22  6:02  Command Center, Hi-Sec Auto Tracking  
  22  6:10  SCV  
  23  6:22  SCV  
  24  6:34  SCV  
  25  6:46  SCV  
  26  6:58  SCV  
  26  6:59  Marine, Terran Infantry Weapons Level 1  
  26  7:00  Marine x4  
  32  7:04  Stimpack  
  32  7:10  SCV  
  33  7:17  Factory, Marine x2  
  33  7:18  Marine x3  
  38  7:24  Planetary Fortress  
  38  7:40  Missile Turret  
  38  7:44  Missile Turret  
  38  7:48  Missile Turret  
  38  7:52  Missile Turret  
  38  7:55  Marine x5  
  43  8:03  SCV  
  43  8:05  SCV  
  45  8:12  Marine  
  45  8:13  Marine x4  
  45  8:15  Starport, SCV  
  45  8:17  Missile Turret, SCV  
  52  8:20  Missile Turret  
  52  8:22  Missile Turret  
  52  8:27  SCV  
  52  8:29  SCV  
  54  8:41  Supply Depot  
  54  8:49  Refinery  
  54  9:01  Marine  
  54  9:02  Marine x4  
  54  9:03  SCV  
  54  9:07  Starport  
  42  9:11  Engineering Bay  
  42  9:15  SCV  
  24  9:19  Marine  
  25  9:20  Marine  
  28  9:29  SCV  
  16  9:41  SCV  
Tags
 
Add a new tag
Caveats
  • Supply blocks, unpowered buildings, or Contaminate may cause inaccurate times.
  • Supply counts are checked every 10 seconds.